[Event "DVM U12w 2023"]
[Site "Magdeburg"]
[Date "2023.12.28"]
[Round "3"]
[White "Kuehne, Malin"]
[Black "Noennig, Lotte"]
[Result "0-1"]
[WhiteElo "1264"]
[BlackElo "1345"]
[PlyCount "100"]
[EventDate "2022.12.27"]
[EventType "team-tourn"]
[EventRounds "7"]
[EventCountry "GER"]
[TimeControl "40/5400+30:1800+30"]
[WhiteClock "0:16:09"]
[BlackClock "1:06:23"]

1. d4 d5 2. Nf3 Nf6 3. Bf4 Bf5 4. e3 e6 5. c3 Be7 6. Be2 c5 7. Bxb8 Rxb8 8. Bb5+ Nd7 9. Ne5 O-O 10. Nxd7 a6 11. Nxf8 axb5 12. Nxe6 fxe6 13. dxc5 Bxc5 14. Nd2 Qg5 15. Qf3 Bd6 16. h3 Rf8 17. Qe2 Qxg2 18. Qf1 Qg5 19. f4 Qh5 20. Qe2 Qh4+ 21. Qf2 Qh5 22. Nf3 Be4 23. Rf1 e5 24. Ng5 exf4 25. Nxe4 dxe4 26. exf4 Bxf4 27. Qg2 e3 28. Qg4 Qe5 29. Ke2 Qe4 30. Rac1 Qc4+ 31. Kf3 e2 32. Rfe1 Bxc1+ 33. Kg2 Qxg4+ 34. hxg4 Re8 35. Kf2 Be3+ 36. Kxe2 Bc1+ 37. Kd1 Rxe1+ 38. Kxe1 Bxb2 39. Kd2 Ba3 40. Kc2 g6 41. Kb3 Bc5 42. c4 b4 43. Kc2 Kf7 44. Kd3 Kf6 45. Ke4 h5 46. gxh5 gxh5 47. Kf4 Bd6+ 48. Kf3 h4 49. Kg4 Bg3 50. Kh3 Ke5 {[%emt 0:00:13] normal} 0-1

[Event "DVM U12w 2023"]
[Site "Magdeburg"]
[Date "2023.12.28"]
[Round "3"]
[White "Roessling, Laura Marie"]
[Black "Hladeniuk, Yelyzaveta"]
[Result "1/2-1/2"]
[WhiteElo "1232"]
[BlackElo "1362"]
[PlyCount "89"]
[EventDate "2022.12.27"]
[EventType "team-tourn"]
[EventRounds "7"]
[EventCountry "GER"]
[TimeControl "40/5400+30:1800+30"]
[WhiteClock "0:29:09"]
[BlackClock "0:34:21"]

1. e4 c6 2. c4 d5 3. cxd5 cxd5 4. exd5 Qxd5 5. Nc3 Qd8 6. d4 Nf6 7. Nf3 Bg4 8. Bc4 e6 9. Qa4+ Nbd7 10. Ne5 a6 11. Nxg4 Nxg4 12. d5 e5 13. O-O Bd6 14. Be2 Ngf6 15. Qb3 b5 16. a4 Nc5 17. Qd1 b4 18. Na2 a5 19. Bb5+ Ncd7 20. Bg5 Ra7 21. Rc1 O-O 22. Rc6 Nb8 23. Rc4 Rc7 24. Qc2 Nbd7 25. Bxd7 Rxd7 26. Rc1 h6 27. Bxf6 Qxf6 28. Rc6 Qf4 29. g3 Qf3 30. Qc4 Be7 31. Rc7 Rxc7 32. Qxc7 Qxd5 33. Qxe7 Qxa2 34. Qxe5 Qxa4 35. Qc5 Qa2 36. Rc2 b3 37. Re2 a4 38. Qa5 Qb1+ 39. Kg2 Qd3 40. Re3 Qd4 41. Re2 Rd8 42. Qa6 Qd3 43. Qxd3 Rxd3 44. Re8+ Kh7 45. Ra8 {[%emt 0:00:05] normal} 1/2-1/2

[Event "DVM U12w 2023"]
[Site "Magdeburg"]
[Date "2023.12.28"]
[Round "3"]
[White "Gerth, Lydia"]
[Black "Shakhimardanova, Nigina"]
[Result "1-0"]
[WhiteElo "1214"]
[BlackElo "1067"]
[PlyCount "81"]
[EventDate "2022.12.27"]
[EventType "team-tourn"]
[EventRounds "7"]
[EventCountry "GER"]
[TimeControl "40/5400+30:1800+30"]
[WhiteClock "1:17:34"]
[BlackClock "1:31:55"]

1. e4 e5 2. Nf3 Nf6 3. Nxe5 d6 4. Nf3 Nxe4 5. Bc4 d5 6. Be2 Bc5 7. d4 Bd6 8. Nbd2 Bg4 9. Nxe4 dxe4 10. Ne5 Bxe5 11. Bxg4 Bxd4 12. c3 Bf6 13. Qxd8+ Bxd8 14. O-O O-O 15. Re1 Re8 16. Bf4 c5 17. Rad1 Bf6 18. Bf3 Nc6 19. Bxe4 g5 20. Bg3 Re6 21. Rd2 Rae8 22. Rde2 Bg7 23. Bf3 Rxe2 24. Rxe2 Rd8 25. h4 gxh4 26. Bxh4 Rd1+ 27. Kh2 Be5+ 28. Bg3 Bg7 29. Re8+ Bf8 30. Bxd1 b5 31. Bd6 Kg7 32. Bxf8+ Kf6 33. Bxc5 a5 34. Bf3 b4 35. Bxc6 bxc3 36. bxc3 a4 37. Kg3 a3 38. Kf4 h5 39. Be4 Kg7 40. Bd4+ Kh6 41. Rh8# {[%emt 0:30:09] normal} 1-0

[Event "DVM U12w 2023"]
[Site "Magdeburg"]
[Date "2023.12.28"]
[Round "3"]
[White "Berger, Jennifer"]
[Black "Mauhs, Helena"]
[Result "1-0"]
[WhiteElo "1210"]
[BlackElo "1194"]
[PlyCount "55"]
[EventDate "2022.12.27"]
[EventType "team-tourn"]
[EventRounds "7"]
[EventCountry "GER"]
[TimeControl "40/5400+30:1800+30"]
[WhiteClock "0:43:11"]
[BlackClock "0:18:18"]

1. e4 e5 2. Nf3 Nc6 3. d4 exd4 4. Nxd4 Qh4 5. Nb5 Qd8 6. N1c3 Bc5 7. Nd5 Bb6 8. Bd3 d6 9. O-O Nge7 10. Re1 O-O 11. Qh5 h6 12. Bxh6 Ng6 13. Bg5 Qd7 14. h3 Nce5 15. Nbc3 Bd4 16. Bb5 c6 17. Ba4 b5 18. Nxb5 cxb5 19. Bb3 a5 20. a3 Qa7 21. Rf1 b4 22. axb4 Ba6 23. Rxa5 Qb7 24. Rd1 Nc6 25. Nf6+ Bxf6 26. Bxf6 Nxa5 27. Qxg6 Nxb3 28. Qxg7# {[%emt 0:00:08] normal} 1-0

[Event "DVM U12w 2023"]
[Site "Magdeburg"]
[Date "2023.12.28"]
[Round "3"]
[White "Briese, Sophie"]
[Black "Busch, Lara Sophie"]
[Result "1/2-1/2"]
[WhiteElo "1207"]
[BlackElo "1330"]
[PlyCount "58"]
[EventDate "2022.12.27"]
[EventType "team-tourn"]
[EventRounds "7"]
[EventCountry "GER"]
[TimeControl "40/5400+30:1800+30"]
[WhiteClock "1:06:43"]
[BlackClock "0:49:09"]

1. e4 e5 2. Nf3 Nc6 3. Bc4 Bc5 4. c3 Nf6 5. d4 exd4 6. e5 d5 7. Bb5 Ne4 8. cxd4 Bb6 9. Nc3 Bg4 10. Bxc6+ bxc6 11. Be3 Ba5 12. Qd3 Rb8 13. Bc1 O-O 14. O-O Bf5 15. Qe3 Nxc3 16. bxc3 Re8 17. Bd2 h6 18. Rac1 Qd7 19. Qf4 Be4 20. Qg3 Re6 21. Nh4 Kf8 22. f4 f5 23. Rfd1 Qf7 24. c4 Bxd2 25. Rxd2 Qh5 26. cxd5 Bxd5 27. Qa3+ Re7 28. Qh3 Be4 29. Rf2 Qg4 {[%emt 0:02:18] normal} 1/2-1/2

[Event "DVM U12w 2023"]
[Site "Magdeburg"]
[Date "2023.12.28"]
[Round "3"]
[White "Albrecht, Sidney Jenna"]
[Black "Schirmbeck, Lilian"]
[Result "0-1"]
[WhiteElo "1188"]
[BlackElo "1585"]
[PlyCount "86"]
[EventDate "2022.12.27"]
[EventType "team-tourn"]
[EventRounds "7"]
[EventCountry "GER"]
[TimeControl "40/5400+30:1800+30"]
[WhiteClock "0:37:20"]
[BlackClock "0:39:09"]

1. c4 e6 2. Nc3 d5 3. b3 d4 4. Nb5 a6 5. Na3 Nf6 6. Nf3 c5 7. d3 Nc6 8. g3 Bd6 9. Bg2 O-O 10. O-O Rb8 11. Nc2 b5 12. e3 e5 13. Nfxd4 Nxd4 14. exd4 exd4 15. Re1 Bb7 16. Bxb7 Rxb7 17. a3 bxc4 18. dxc4 Qd7 19. Qf3 Rfb8 20. Rb1 Ng4 21. Bf4 Qf5 22. Re2 Bxf4 23. Qxf4 Qxf4 24. gxf4 d3 25. Rd2 dxc2 26. Rxc2 Rxb3 27. Rxb3 Rxb3 28. a4 g6 29. Rd2 Rb4 30. Rd6 Rxa4 31. Kg2 a5 32. Ra6 Nh6 33. Kf3 Nf5 34. Ke4 Rxc4+ 35. Kd5 Rxf4 36. Rxa5 Rxf2 37. Rxc5 Rxh2 38. Ke5 Kg7 39. Kf4 h5 40. Kg5 h4 41. Rc3 Rg2+ 42. Kf4 Rg3 43. Rxg3 hxg3 {[%emt 0:00:06] normal} 0-1

[Event "DVM U12w 2023"]
[Site "Magdeburg"]
[Date "2023.12.28"]
[Round "3"]
[White "Daaboul, Dima"]
[Black "Oschinski, Mathilda"]
[Result "1/2-1/2"]
[WhiteElo "1184"]
[BlackElo "1155"]
[PlyCount "40"]
[EventDate "2022.12.27"]
[EventType "team-tourn"]
[EventRounds "7"]
[EventCountry "GER"]
[TimeControl "40/5400+30:1800+30"]
[WhiteClock "0:57:33"]
[BlackClock "0:12:20"]

1. e4 c5 2. Nc3 Nc6 3. f4 e6 4. Nf3 g6 5. Bb5 Qc7 6. d3 a6 7. Bxc6 Qxc6 8. O-O Bg7 9. Bd2 Ne7 10. Qe1 O-O 11. Qh4 f6 12. Ne2 Qd6 13. Ng3 b5 14. Rae1 Re8 15. e5 fxe5 16. fxe5 Qc6 17. Bh6 Nf5 18. Nxf5 exf5 19. Ng5 Bb7 20. Rf2 Bxe5 {[%emt 0:04:12] normal} 1/2-1/2

[Event "DVM U12w 2023"]
[Site "Magdeburg"]
[Date "2023.12.28"]
[Round "3"]
[White "Stepanova, Anhelina"]
[Black "Kuhlmann, Naya"]
[Result "1-0"]
[WhiteElo "1172"]
[BlackElo "1005"]
[PlyCount "67"]
[EventDate "2022.12.27"]
[EventType "team-tourn"]
[EventRounds "7"]
[EventCountry "GER"]
[TimeControl "40/5400+30:1800+30"]
[WhiteClock "1:24:47"]
[BlackClock "0:56:17"]

1. d4 d5 2. Bf4 Nc6 3. Nf3 Nf6 4. h3 Bf5 5. e3 e6 6. Nbd2 Bd6 7. Ne5 Nxe5 8. dxe5 Bxe5 9. Bxe5 O-O 10. Bd3 Bg6 11. Qf3 Bh5 12. g4 Bg6 13. O-O-O Bxd3 14. cxd3 Nd7 15. Bc3 Nb6 16. h4 c5 17. Nb3 Qc7 18. Qf4 Qc8 19. Qg5 f6 20. Qf4 e5 21. Qf5 Qc7 22. Kb1 c4 23. dxc4 Qxc4 24. Qe6+ Kh8 25. Nd2 Qc7 26. Rc1 Rfe8 27. Qf5 Qd6 28. Rhd1 Rac8 29. Ne4 Qe7 30. Ng3 Rc7 31. Ba5 Rec8 32. Bxb6 axb6 33. Qxc8+ Rxc8 34. Rxc8+ {[%emt 0:00:06] normal} 1-0

[Event "DVM U12w 2023"]
[Site "Magdeburg"]
[Date "2023.12.28"]
[Round "3"]
[White "Subocz, Barbara"]
[Black "He, Siqi"]
[Result "1-0"]
[WhiteElo "1169"]
[BlackElo "812"]
[PlyCount "59"]
[EventDate "2022.12.27"]
[EventType "team-tourn"]
[EventRounds "7"]
[EventCountry "GER"]
[TimeControl "40/5400+30:1800+30"]
[WhiteClock "1:10:14"]
[BlackClock "1:21:33"]

1. e4 e5 2. Nc3 Nf6 3. f4 exf4 4. Nf3 Be7 5. d4 d5 6. e5 Ne4 7. Bd3 Nxc3 8. bxc3 Nc6 9. Bxf4 O-O 10. O-O Bg4 11. h3 Bxf3 12. Qxf3 Re8 13. Be3 Qd7 14. Qxf7+ Kh8 15. Bh6 Rg8 16. Be3 Raf8 17. Qh5 g6 18. Qh6 Nd8 19. Bd2 c5 20. Rxf8 Bxf8 21. Qh4 cxd4 22. cxd4 Be7 23. Qf4 Ne6 24. Qg4 h5 25. Qg3 Nxd4 26. Qe3 Rc8 27. Qh6+ Kg8 28. Bxg6 Nxc2 29. Qh7+ Kf8 30. Qf7# {[%emt 0:00:00] normal} 1-0

[Event "DVM U12w 2023"]
[Site "Magdeburg"]
[Date "2023.12.28"]
[Round "3"]
[White "Xu, Dorothea Sicheng"]
[Black "Zhou, Leyi Charlotte"]
[Result "0-1"]
[WhiteElo "1118"]
[BlackElo "1335"]
[PlyCount "162"]
[EventDate "2022.12.27"]
[EventType "team-tourn"]
[EventRounds "7"]
[EventCountry "GER"]
[TimeControl "40/5400+30:1800+30"]
[WhiteClock "0:48:54"]
[BlackClock "1:10:07"]

1. e4 e5 2. Nc3 Nc6 3. g3 Nf6 4. Bg2 Bc5 5. Nge2 Ng4 6. O-O d6 7. d3 O-O 8. a3 Qf6 9. Qe1 Nd4 10. Nxd4 Bxd4 11. Nd5 Qd8 12. c3 Bb6 13. h3 Nf6 14. Bg5 Kh8 15. Bxf6 gxf6 16. Nxb6 axb6 17. d4 Bd7 18. Qd1 Rg8 19. Re1 Qf8 20. a4 Qh6 21. Kh2 Bg4 22. Qc1 Qxc1 23. Rexc1 Bd7 24. b3 Ra5 25. Kg1 Rga8 26. Rd1 b5 27. dxe5 fxe5 28. Rd3 bxa4 29. bxa4 Rxa4 30. Rxa4 Bxa4 31. Rf3 Rf8 32. c4 Bc6 33. Rb3 Rb8 34. Kf1 Kg7 35. f4 f6 36. fxe5 fxe5 37. g4 Ra8 38. Rc3 Ra1+ 39. Kf2 Ra2+ 40. Kf1 Kg6 41. c5 Ra4 42. cxd6 cxd6 43. Re3 Kg5 44. Re2 Ra1+ 45. Kf2 Ra4 46. Kf1 Bb5 47. Ke1 Bxe2 48. Kxe2 Kf4 49. Kd3 Ra8 50. Kc4 Rb8 51. Kb3 b5 52. Kb4 Kg3 53. Bf1 Kf3 54. Bxb5 Kxe4 55. Kc4 d5+ 56. Kc5 Rxb5+ 57. Kxb5 d4 58. Kc4 Ke3 59. Kd5 d3 60. Kxe5 d2 61. Kf5 d1=Q 62. Ke5 Qd4+ 63. Kf5 Qf4+ 64. Ke6 Qg5 65. Kd6 h5 66. gxh5 Qxh5 67. Ke6 Qxh3+ 68. Kd5 Qg4 69. Ke5 Qc4 70. Kf5 Qd4 71. Kg5 Qe4 72. Kf6 Kf4 73. Kf7 Qe5 74. Kg6 Kg4 75. Kf7 Qd6 76. Kg7 Qe6 77. Kh7 Qf6 78. Kg8 Qe7 79. Kh8 Kg5 80. Kg8 Kf6 81. Kh8 Qg7# {[%emt 0:00:39] normal} 0-1

[Event "DVM U12w 2023"]
[Site "Magdeburg"]
[Date "2023.12.28"]
[Round "3"]
[White "Piffczyk, Sandra"]
[Black "Grey, Paula"]
[Result "1/2-1/2"]
[WhiteElo "1105"]
[BlackElo "1008"]
[PlyCount "46"]
[EventDate "2022.12.27"]
[EventType "team-tourn"]
[EventRounds "7"]
[EventCountry "GER"]
[TimeControl "40/5400+30:1800+30"]
[WhiteClock "0:19:28"]
[BlackClock "0:19:12"]

1. e4 e5 2. Nf3 Nc6 3. Nc3 Nf6 4. Bb5 Bc5 5. d3 h6 6. h3 Qe7 7. Bd2 O-O 8. Qe2 d6 9. Na4 Bd4 10. c3 Bb6 11. Nxb6 axb6 12. O-O Be6 13. d4 exd4 14. cxd4 Bxa2 15. Rfe1 Rfe8 16. Bd3 h5 17. Bc3 Nd7 18. Nd2 g6 19. b3 f6 20. f3 Kf8 21. Bb1 Bxb1 22. Rxa8 Rxa8 23. Rxb1 Kg7 {[%emt 0:01:27] normal} 1/2-1/2

[Event "DVM U12w 2023"]
[Site "Magdeburg"]
[Date "2023.12.28"]
[Round "3"]
[White "Schmidt Guevara, Daniela"]
[Black "Gelbach, Amelia"]
[Result "1-0"]
[WhiteElo "1083"]
[BlackElo "841"]
[PlyCount "89"]
[EventDate "2022.12.27"]
[EventType "team-tourn"]
[EventRounds "7"]
[EventCountry "GER"]
[TimeControl "40/5400+30:1800+30"]
[WhiteClock "1:20:07"]
[BlackClock "1:21:40"]

1. e4 c5 2. Nf3 d6 3. Bc4 Nc6 4. Nc3 Nf6 5. d3 g6 6. Ng5 e6 7. Bf4 Bg7 8. O-O O-O 9. a3 a6 10. Re1 b5 11. Bb3 Bb7 12. e5 d5 13. exf6 Qxf6 14. Qd2 d4 15. Nce4 Qf5 16. Nd6 Qf6 17. Nxb7 Qe7 18. Bd6 Qxb7 19. Bxf8 Rxf8 20. Ne4 a5 21. Nd6 Qc7 22. Nxb5 Qb6 23. Ba4 Re8 24. Na7 Qxa7 25. Bxc6 Rc8 26. Bf3 Qb8 27. Qxa5 Be5 28. g3 Bf6 29. b3 Qc7 30. Qxc7 Rxc7 31. b4 cxb4 32. axb4 Rxc2 33. Ra8+ Kg7 34. b5 Rb2 35. Rb8 Be7 36. b6 Bd6 37. Rb7 Bc5 38. Rxe6 Rb1+ 39. Kg2 Rb3 40. Be2 Kg8 41. Rb8+ Kg7 42. Rc6 Rc3 43. b7 Bb4 44. Rbc8 Rxc6 45. Rxc6 {[%emt 0:00:13] normal} 1-0

[Event "DVM U12w 2023"]
[Site "Magdeburg"]
[Date "2023.12.28"]
[Round "3"]
[White "Prasannavenkatesan, Ananya"]
[Black "Kuebart, Ela Marie"]
[Result "1-0"]
[WhiteElo "1045"]
[BlackElo "1325"]
[PlyCount "49"]
[EventDate "2022.12.27"]
[EventType "team-tourn"]
[EventRounds "7"]
[EventCountry "GER"]
[TimeControl "40/5400+30:1800+30"]
[WhiteClock "1:18:46"]
[BlackClock "0:50:43"]

1. e4 e5 2. Nc3 Nf6 3. f4 d6 4. Nf3 Nc6 5. d4 Bg4 6. d5 Nd4 7. Be3 Nxf3+ 8. gxf3 Bd7 9. Qd2 Nh5 10. O-O-O g6 11. fxe5 dxe5 12. h4 Be7 13. Bg5 f6 14. Be3 a5 15. Bc4 c5 16. d6 Bf8 17. Bxc5 Nf4 18. Nd5 Nxd5 19. Qxd5 Qb8 20. Qf7+ Kd8 21. Bb6+ Kc8 22. Be6 Qxd6 23. Rxd6 Bxd6 24. Qxd7+ Kb8 25. Qxd6# {[%emt 0:00:07] normal} 1-0

[Event "DVM U12w 2023"]
[Site "Magdeburg"]
[Date "2023.12.28"]
[Round "3"]
[White "Artemenko, Isabella"]
[Black "Werner, Amelie"]
[Result "1/2-1/2"]
[WhiteElo "1041"]
[BlackElo "1311"]
[PlyCount "98"]
[EventDate "2022.12.27"]
[EventType "team-tourn"]
[EventRounds "7"]
[EventCountry "GER"]
[TimeControl "40/5400+30:1800+30"]
[WhiteClock "0:22:19"]
[BlackClock "0:48:29"]

1. d4 d5 2. Bf4 Nf6 3. e3 Bf5 4. c3 e6 5. Nd2 Be7 6. Ngf3 Nc6 7. Ne5 Nxe5 8. Bxe5 O-O 9. Nf3 h6 10. Bg3 c6 11. Bd3 Bxd3 12. Qxd3 Ne4 13. Nd2 Nxd2 14. Qxd2 Bh4 15. Bf4 Qf6 16. h3 Qg6 17. O-O Rfd8 18. Rac1 Rd7 19. Qc2 Qxc2 20. Rxc2 a5 21. Rd1 b5 22. Kh2 Kh7 23. Bg3 Bf6 24. f3 Re8 25. Rf1 g6 26. e4 Bg7 27. Re1 Rde7 28. Rce2 Bf8 29. Bd6 Rd7 30. Bxf8 Rxf8 31. exd5 Rxd5 32. Re5 Rfd8 33. Rxd5 Rxd5 34. Re5 Kg7 35. Re3 Kf6 36. g4 h5 37. Kg3 hxg4 38. hxg4 Kg7 39. f4 Rd6 40. Kf3 Kh6 41. Re1 Kg7 42. Re2 a4 43. Re1 Rd8 44. Re5 Rd6 45. g5 Kf8 46. Ke3 Kg7 47. Kf3 Kf8 48. Ke3 Kg7 49. Kf3 Kf8 {[%emt 0:00:06] normal} 1/2-1/2

[Event "DVM U12w 2023"]
[Site "Magdeburg"]
[Date "2023.12.28"]
[Round "3"]
[White "Weißleder, Emia"]
[Black "Ramien, Eva"]
[Result "0-1"]
[WhiteElo "1041"]
[BlackElo "1324"]
[PlyCount "70"]
[EventDate "2022.12.27"]
[EventType "team-tourn"]
[EventRounds "7"]
[EventCountry "GER"]
[TimeControl "40/5400+30:1800+30"]

1. d4 d5 2. Nc3 Nf6 3. Bf4 c5 4. e3 cxd4 5. exd4 Nc6 6. Qd2 Qb6 7. Nf3 e6 8. O-O-O Bb4 9. a3 Ne4 10. Qe3 Nxc3 11. bxc3 Bxa3+ 12. Kd2 h6 13. Bd3 Qd8 14. Be5 f6 15. Bg6+ Kf8 16. Bg3 Ne7 17. Qd3 f5 18. Ne5 Rg8 19. Qb5 Nxg6 20. Nxg6+ Kf7 21. Ne5+ Kf6 22. Bh4+ g5 23. Qe2 gxh4 24. Qh5 Qf8 25. Qxh4+ Kg7 26. Rhe1 Be7 27. Qf4 Bg5 28. Qxg5+ hxg5 29. Re3 Kf6 30. Rb1 b6 31. Rf3 g4 32. Nxg4+ Rxg4 33. h3 Rxg2 34. h4 Qh6+ 35. Ke2 Ba6+ {[%emt 0:00:20] normal} 0-1

[Event "DVM U12w 2023"]
[Site "Magdeburg"]
[Date "2023.12.28"]
[Round "3"]
[White "Ulianova, Anna"]
[Black "Wieckowicz, Bui Havy"]
[Result "1-0"]
[WhiteElo "1036"]
[BlackElo "1175"]
[PlyCount "61"]
[EventDate "2022.12.27"]
[EventType "team-tourn"]
[EventRounds "7"]
[EventCountry "GER"]
[TimeControl "40/5400+30:1800+30"]
[WhiteClock "1:13:59"]
[BlackClock "0:52:25"]

1. e4 c5 2. c3 Nc6 3. d4 cxd4 4. cxd4 d6 5. Nf3 Nf6 6. Nc3 e6 7. Bd3 Be7 8. Be3 a6 9. h3 Qc7 10. O-O O-O 11. Bc2 b5 12. Ne2 Bb7 13. Ng3 Nb4 14. Bb1 Rad8 15. a3 Nc6 16. Qd3 e5 17. d5 Na5 18. Qd2 Nb3 19. Qd1 Nxa1 20. Nh2 Rc8 21. Ng4 Nc2 22. Nxf6+ Bxf6 23. Bxc2 Qxc2 24. Qg4 g6 25. f4 Qxb2 26. Nh5 Bg7 27. f5 Rb8 28. f6 Bc8 29. Qh4 gxh5 30. Qg5 Re8 31. Qxg7# {[%emt 0:00:46] normal} 1-0

[Event "DVM U12w 2023"]
[Site "Magdeburg"]
[Date "2023.12.28"]
[Round "3"]
[White "Funke, Luise"]
[Black "Cao, Weiqi"]
[Result "0-1"]
[WhiteElo "1018"]
[BlackElo "1191"]
[PlyCount "122"]
[EventDate "2022.12.27"]
[EventType "team-tourn"]
[EventRounds "7"]
[EventCountry "GER"]
[TimeControl "40/5400+30:1800+30"]
[WhiteClock "0:14:00"]
[BlackClock "0:43:41"]

1. e4 d5 2. exd5 Qxd5 3. Nc3 Qd6 4. Nf3 c6 5. d4 Nf6 6. Bc4 Bg4 7. Bg5 Nbd7 8. Qd3 e6 9. O-O-O Be7 10. h3 Bh5 11. g4 Bg6 12. Qe3 Nb6 13. Bd3 Nbd5 14. Nxd5 Nxd5 15. Qd2 Bxd3 16. Bxe7 Nxe7 17. Qxd3 Qf4+ 18. Kb1 O-O 19. Ne5 Qxf2 20. Rd2 Qf4 21. Rf1 Qg5 22. Rh2 Nd5 23. h4 Qd8 24. h5 h6 25. Nf3 Nb4 26. Qd2 a5 27. g5 hxg5 28. Nxg5 Qd5 29. b3 f6 30. Nf3 Qb5 31. Rg1 Qd5 32. Qg2 Rf7 33. h6 g5 34. Rgh1 Qf5 35. h7+ Kh8 36. Rh6 Rd8 37. a3 Nd5 38. Ne1 Ne3 39. Qh2 Ng4 40. Qh5 Nxh6 41. Qxh6 Rxh7 42. Qxh7+ Qxh7 43. Rxh7+ Kxh7 44. c3 c5 45. Nf3 cxd4 46. Nxd4 Rxd4 47. cxd4 g4 48. Kc2 g3 49. Kc3 g2 50. Kc4 g1=Q 51. Kb5 Qxd4 52. Kxa5 Qc5+ 53. Ka4 b5+ 54. Ka5 b4+ 55. Ka4 bxa3 56. b4 Qc3 57. b5 a2 58. b6 a1=R+ 59. Kb5 Rb1+ 60. Ka6 Qc8+ 61. Ka5 Qa8# {[%emt 0:00:10] normal} 0-1

[Event "DVM U12w 2023"]
[Site "Magdeburg"]
[Date "2023.12.28"]
[Round "3"]
[White "Nikitina, Alisa"]
[Black "Strahl, Nele"]
[Result "1-0"]
[WhiteElo "1004"]
[BlackElo "783"]
[PlyCount "41"]
[EventDate "2022.12.27"]
[EventType "team-tourn"]
[EventRounds "7"]
[EventCountry "GER"]
[TimeControl "40/5400+30:1800+30"]
[WhiteClock "1:22:20"]
[BlackClock "1:23:18"]

1. e4 e5 2. Nf3 Nc6 3. Bc4 Bc5 4. Nxe5 Nxe5 5. d4 Nxc4 6. dxc5 Nf6 7. Bg5 O-O 8. Nc3 c6 9. O-O Nxb2 10. Qf3 Kh8 11. e5 Nc4 12. exf6 Ne5 13. Qf4 Re8 14. fxg7+ Kxg7 15. Bxd8 Rxd8 16. Qg5+ Ng6 17. Qxd8 d5 18. Ne2 a6 19. g3 b5 20. Nd4 a5 21. Nxc6 {[%emt 0:00:49] normal} 1-0

[Event "DVM U12w 2023"]
[Site "Magdeburg"]
[Date "2023.12.28"]
[Round "3"]
[White "Martin, Helene"]
[Black "Yamshchikova, Oleksandra"]
[Result "1-0"]
[WhiteElo "989"]
[BlackElo "956"]
[PlyCount "75"]
[EventDate "2022.12.27"]
[EventType "team-tourn"]
[EventRounds "7"]
[EventCountry "GER"]
[TimeControl "40/5400+30:1800+30"]
[WhiteClock "0:32:46"]
[BlackClock "1:25:19"]

1. e4 e5 2. Nf3 Nc6 3. Bc4 Bc5 4. c3 d6 5. d3 Nf6 6. O-O O-O 7. Be3 Bb6 8. b4 a6 9. Nbd2 Ne7 10. Qc2 Ng6 11. Rfe1 c5 12. a3 a5 13. b5 d5 14. exd5 Nxd5 15. a4 Nf6 16. Ne4 Nxe4 17. dxe4 Qc7 18. Rad1 Rd8 19. Rd2 Bg4 20. Be2 Rxd2 21. Bxd2 Rd8 22. c4 Rd7 23. Rd1 Qd8 24. Kf1 Rd6 25. Bc3 Rxd1+ 26. Qxd1 Qc7 27. h3 Bxf3 28. Bxf3 h6 29. Qd2 Kh7 30. Bg4 Qd8 31. Qxd8 Bxd8 32. Bf5 b6 33. Bxe5 Kh8 34. Bxg6 fxg6 35. Ke2 Kh7 36. Bd6 h5 37. e5 Kg8 38. e6 {[%emt 0:00:28] normal} 1-0

[Event "DVM U12w 2023"]
[Site "Magdeburg"]
[Date "2023.12.28"]
[Round "3"]
[White "Khachaturyan, Viktoria"]
[Black "Korwitz, Pauline"]
[Result "0-1"]
[WhiteElo "987"]
[BlackElo "1219"]
[PlyCount "100"]
[EventDate "2022.12.27"]
[EventType "team-tourn"]
[EventRounds "7"]
[EventCountry "GER"]
[TimeControl "40/5400+30:1800+30"]
[WhiteClock "1:14:41"]
[BlackClock "0:25:26"]

1. e4 c5 2. d4 cxd4 3. Qxd4 Nc6 4. Qc4 e6 5. Bf4 Nf6 6. Nc3 Bb4 7. O-O-O O-O 8. a3 Bxc3 9. Qxc3 Nxe4 10. Qe3 d5 11. Bd3 Nf6 12. Qg3 Ne8 13. Qh3 f5 14. Nf3 Nf6 15. Bg5 h6 16. Bxh6 gxh6 17. Qxh6 Qe7 18. Rhe1 Qg7 19. Qh4 Qg4 20. Qh6 Qh5 21. Qf4 Qf7 22. Re3 Ne4 23. Bxe4 fxe4 24. Qg5+ Qg7 25. Qh5 exf3 26. Rdd3 fxg2 27. Rg3 g1=Q+ 28. Rd1 Q1xg3 29. hxg3 Rxf2 30. Rh1 Nd4 31. Rh4 Rf1+ 32. Kd2 Nf3+ 33. Ke2 Nxh4 34. Kxf1 Qf6+ 35. Kg1 Qd4+ 36. Kh2 Qf2+ 37. Kh3 e5+ 38. Kxh4 Qh2+ 39. Kg5 Qxh5+ 40. Kxh5 Kg7 41. Kg5 Bd7 42. g4 Bxg4 43. Kxg4 Rf8 44. Kg3 e4 45. b4 e3 46. a4 e2 47. b5 e1=Q+ 48. Kg2 Qf2+ 49. Kh3 Qg1 50. b6 Rh8# {[%emt 0:00:12] normal} 0-1

[Event "DVM U12w 2023"]
[Site "Magdeburg"]
[Date "2023.12.28"]
[Round "3"]
[White "Schmegel, Alina"]
[Black "Trush, Diana"]
[Result "1-0"]
[WhiteElo "892"]
[BlackElo "980"]
[PlyCount "83"]
[EventDate "2022.12.27"]
[EventType "team-tourn"]
[EventRounds "7"]
[EventCountry "GER"]
[TimeControl "40/5400+30:1800+30"]
[WhiteClock "1:25:54"]
[BlackClock "1:10:26"]

1. e4 c5 2. Nf3 g6 3. Bb5 Bg7 4. Nc3 a6 5. Ba4 b5 6. Bb3 c4 7. d3 cxb3 8. axb3 Nc6 9. d4 d6 10. Bg5 h6 11. Bh4 Qb6 12. Nd5 Qa7 13. O-O Nxd4 14. Nxd4 Bxd4 15. c3 Bg7 16. c4 bxc4 17. bxc4 Rb8 18. Qa4+ Bd7 19. Qc2 Bxb2 20. Rab1 Bg7 21. Rxb8+ Qxb8 22. Rb1 Qc8 23. Nb6 Qc6 24. Nxd7 Kxd7 25. c5 Nf6 26. e5 dxe5 27. Qd3+ Nd5 28. Ra1 Ra8 29. Re1 Qxc5 30. h3 f5 31. Kh1 e6 32. Bg3 f4 33. Bh4 g5 34. Qg6 Bh8 35. Qf7+ Ne7 36. Rd1+ Kc6 37. Qxe6+ Kb7 38. Rd7+ Kb8 39. Rxe7 gxh4 40. Qg8+ Qc8 41. Qb3+ Qb7 42. Qxb7# {[%emt 0:00:54] normal} 1-0

[Event "DVM U12w 2023"]
[Site "Magdeburg"]
[Date "2023.12.28"]
[Round "3"]
[White "Gelbach, Julietta"]
[Black "Haas, Valentina"]
[Result "1-0"]
[WhiteElo "887"]
[BlackElo "1010"]
[PlyCount "149"]
[EventDate "2022.12.27"]
[EventType "team-tourn"]
[EventRounds "7"]
[EventCountry "GER"]
[TimeControl "40/5400+30:1800+30"]
[WhiteClock "1:03:44"]
[BlackClock "1:25:24"]

1. e4 e5 2. Nf3 Nf6 3. Bc4 h6 4. Nc3 Nxe4 5. Nxe4 d5 6. Bxd5 Qxd5 7. Nc3 Qd8 8. O-O Bd6 9. Re1 O-O 10. Nxe5 Bxe5 11. Rxe5 Re8 12. Rxe8+ Qxe8 13. d4 Bg4 14. Qd2 Nc6 15. h3 Bf5 16. Qf4 Qd7 17. d5 Ne7 18. Qe5 Bxc2 19. Be3 Ng6 20. Qd4 Ne7 21. Rc1 Nf5 22. Qd2 Nxe3 23. Qxe3 Re8 24. Qxa7 Qd6 25. Qxb7 Kh7 26. Qa7 Re7 27. Qd4 c6 28. a4 cxd5 29. Qd2 Be4 30. Nxe4 Rxe4 31. Ra1 d4 32. a5 Re8 33. b4 d3 34. a6 Re2 35. Qd1 Re8 36. a7 Ra8 37. b5 Kg6 38. Ra6 Qxa6 39. bxa6 Rxa7 40. Qxd3+ f5 41. Qd6+ Kh7 42. Qb6 Ra8 43. a7 h5 44. Qb7 Rg8 45. a8=Q Rxa8 46. Qxa8 Kh6 47. Qa7 g6 48. Qe3+ Kh7 49. f3 h4 50. g3 hxg3 51. Kg2 g5 52. Kxg3 f4+ 53. Qxf4 gxf4+ 54. Kxf4 Kh6 55. Kg3 Kg5 56. h4+ Kg6 57. Kg4 Kf6 58. f4 Kg6 59. h5+ Kf6 60. f5 Kg7 61. Kg5 Kf7 62. f6 Kg8 63. Kf5 Kf7 64. h6 Kg8 65. Kg6 Kf8 66. h7 Ke8 67. h8=Q+ Kd7 68. f7 Ke6 69. f8=Q Kd5 70. Qe8 Kd6 71. Qh7 Kd5 72. Qhd7+ Kc5 73. Qec8+ Kb6 74. Qdb7+ Ka5 75. Qca8# {[%emt 0:00:00] normal} 1-0